 Dungeon Sprint DCSS version 0.20-a0-1089-g3fde505 (webtiles) character file.

279 potatolord5000 the Reanimator (level 6, -3/48 HPs)
             Began as a Deep Elf Necromancer on May 3, 2017.
             Was a Follower of Makhleb.
             Slain by a fire bat (shapeshifter) (5 damage)
             ... in the Dungeon (Sprint V: "Ziggurat Sprint").
             The game lasted 00:05:49 (210 turns).

potatolord5000 the Reanimator (Deep Elf Necromancer) Turns: 210, Time: 00:05:52

Health: -3/48      AC:  2    Str: 10    XL:     6   Next: 5%
Magic:  24/25      EV: 17    Int: 40    God:    Makhleb [*.....]
Gold:   0          SH:  0    Dex: 15    Spells: 2/21 levels left

rFire    . . .     SeeInvis .   y - +6 Majin-Bo {vamp, Archmagi MP+6 Int+6}
rCold    . . .     Gourm    .   (shield currently unavailable)
rNeg     . . .     Faith    .   a - +0 robe
rPois    .         Spirit   .   (no helmet)
rElec    .         Reflect  .   (no cloak)
rCorr    .         Harm     .   (no gloves)
MR       .....     NoTele   +   (no boots)
Stlth    ..........             (no amulet)
Regen    0.2/turn               A - +6 ring of intelligence
MPRegen  0.2/turn               B - +6 ring of intelligence

@: berserking, very quick
A: no striking features
a: Renounce Religion


You were in the Dungeon.
You worshipped Makhleb.
Makhleb was aware of your devotion.
You were very full.

You visited 1 branch

Inventory:

Hand Weapons
 y - the +6 Majin-Bo (weapon) {vamp, Archmagi MP+6 Int+6}
   (You found it in the Dungeon)

   It inflicts no extra harm, but heals its wielder when it wounds a living foe.
   It affects your intelligence (+6).
   It affects your magic capacity (+6).
Armour
 a - a +0 robe (worn)
Jewellery
 A - a +6 ring of intelligence (left hand)
 B - a +6 ring of intelligence (right hand)
Scrolls
 i - 4 scrolls of blinking
 p - 4 scrolls of amnesia
 q - 3 scrolls of recharging
 r - 7 scrolls of fog
 s - a scroll of holy word
 t - 5 scrolls of identify
 u - 5 scrolls of remove curse
 v - 2 scrolls of fear
Potions
 d - 10 potions of curing
 e - 6 potions of heal wounds
 f - 5 potions of haste
 g - 7 potions of magic
 h - 2 potions of berserk rage
 j - 2 potions of brilliance
 k - 2 potions of invisibility
 l - 4 potions of resistance
 n - 4 potions of agility
 o - 4 potions of might
Books
 b - a book of Necromancy

   Spells                             Type                      Level
   a - Pain                           Necromancy                   1
   b - Animate Skeleton               Necromancy                   1
   c - Vampiric Draining              Necromancy                   3
   d - Regeneration                   Charms/Necromancy            3
   e - Animate Dead                   Necromancy                   4
   f - Control Undead                 Necromancy                   4
 m - the Collected Works on Ashen Transmigration
   (You found it in the Dungeon)

   Spells                             Type                      Level
   a - Sandblast                      Earth                        1
   b - Beastly Appendage              Transmutation                1
   c - Sticks to Snakes               Transmutation                2
   d - Bolt of Magma                  Conjuration/Fire/Earth       5
   e - Irradiate                      Conjuration/Transmutation    5
   f - Hydra Form                     Transmutation                6
Comestibles
 c - 5 bread rations
 w - 42 fruits
 x - 2 meat rations


   Skills:
 - Level 5.8 Staves
 + Level 7.5 Dodging
 + Level 8.1 Stealth
 + Level 8.3 Spellcasting
 + Level 8.6 Necromancy
 + Level 0.0 Transmutations


You had 2 spell levels left.
You knew the following spells:

 Your Spells              Type           Power        Failure   Level  Hunger
a - Pain                  Necr           ####         1%          1    None
b - Animate Skeleton      Necr           N/A          1%          1    None
c - Regeneration          Chrm/Necr      ######....   1%          3    None
d - Animate Dead          Necr           N/A          1%          4    None
e - Control Undead        Necr           #######...   1%          4    None
f - Hydra Form            Tmut           ###.......   97%         6    #####..


Dungeon Overview and Level Annotations

Branches:
Dungeon (1/1)

Altars:
Ashenzari
Cheibriados
Dithmenos
Elyvilon
Fedhas
Gozag
Hepliaklqana
Kikubaaqudgha
Makhleb
Nemelex Xobeh
Okawaru
Qazlal
Ru
Sif Muna
Trog
Uskayaw
Vehumet
Wu Jian
Xom
Yredelemnul
Zin
The Shining One
Beogh
Jiyva
Lugonu

Annotations:
D 1 transporter


Message History

A red film seems to cover your vision as you go berserk!
You feel yourself moving faster!
You feel mighty!
The ogre changes into a fire bat!
The wolf closely misses you. The water moccasin bites you.
The fire bat bites you.
You are engulfed in flames.
The wolf barely misses you. The water moccasin bites you!
You hit the wolf.
The wolf is severely wounded.
The fire bat misses you. The fire bat bites you.
* * * LOW HITPOINT WARNING * * *
You are engulfed in flames!
* * * LOW HITPOINT WARNING * * *
The wolf misses you. The water moccasin misses you.
You barely miss the wolf.
The wolf is severely wounded.
The fire bat closely misses you. The wolf closely misses you.
The water moccasin barely misses you. The fire bat bites you.
* * * LOW HITPOINT WARNING * * *
You are engulfed in flames.
You die...

▓▓▓▓▓▓▓▓▓▓▓▓▓▓▓▓▓▓▓
▓.8©8.▓.8©8.▓.8©8.▓
▓.[}).▓.))[.▓.....▓
▓..§..▓.....▓.:...▓
▓§§§..▓..†..▓.....▓
▓.....▓..†..▓..)..▓
▓..hbb▓.....▓.....▓
▓..S@.▓.....▓▓▓▓▓▓▓
▓▓▓▓▓▓▓▓▓▓▓▓▓


You could see a water moccasin shaped shifter, a fire bat, a fire bat shaped
shifter and a wolf.

Vanquished Creatures
  A necrophage (D)
  3 scorpions (D)
  A wight (D)
5 creatures vanquished.

Notes
Turn   | Place    | Note
-------+----------+-------------------------------------------
     0 | D        | potatolord5000 the Deep Elf Necromancer began the quest for the Orb.
     0 | D        | Reached XP level 1. HP: 10/10 MP: 6/6
     0 | D        | Found a blossoming altar of Fedhas.
     1 | D        | Found a deep blue altar of Sif Muna.
     1 | D        | Found a sacrificial altar of Ru.
     1 | D        | Found a bloodstained altar of Trog.
     1 | D        | Found a stormy altar of Qazlal.
     1 | D        | Found an iron altar of Okawaru.
     1 | D        | Found a sparkling altar of Nemelex Xobeh.
     3 | D        | Found an ancient bone altar of Kikubaaqudgha.
     3 | D        | Found a viscous altar of Jiyva.
     3 | D        | Found a corrupted altar of Lugonu.
     3 | D        | Found a hazy altar of Hepliaklqana.
     3 | D        | Found a burning altar of Makhleb.
     3 | D        | Found an opulent altar of Gozag.
    42 | D        | Became a worshipper of Makhleb the Destroyer
    51 | D        | Reached skill level 5 in Spellcasting
    51 | D        | Reached XP level 2. HP: 15/15 MP: 9/10
    54 | D        | Learned a level 1 spell: Animate Skeleton
    94 | D        | Entered arena 2.
    94 | D        | Noticed a necrophage
    94 | D        | Noticed a wight
    99 | D        | Killed a wight
    99 | D        | Reached skill level 5 in Dodging
    99 | D        | Reached skill level 5 in Stealth
    99 | D        | Reached XP level 3. HP: 19/19 MP: 12/12
   103 | D        | Killed a necrophage
   103 | D        | Reached XP level 4. HP: 24/24 MP: 15/15
   110 | D        | Identified the Collected Works on Ashen Transmigration (You found it in the Dungeon)
   118 | D        | Entered arena 3.
   122 | D        | Reached * piety under Makhleb
   122 | D        | Reached skill level 5 in Staves
   122 | D        | Reached XP level 5. HP: 21/28 MP: 17/17
   132 | D        | Reached XP level 6. HP: 32/32 MP: 14/19
   137 | D        | Learned a level 3 spell: Regeneration
   142 | D        | Learned a level 4 spell: Animate Dead
   147 | D        | Learned a level 4 spell: Control Undead
   197 | D        | Learned a level 6 spell: Hydra Form
   197 | D        | Got the cursed +1 mace "Pilloq" {venom, rC+ Str-2 SInv Stlth+}
   200 | D        | Entered arena 4.
   200 | D        | Noticed a fire bat
   200 | D        | Noticed a steam dragon
   200 | D        | Noticed a hog
   204 | D        | HP: 1/32 [ogre (shapeshifter) (13)]
   205 | D        | Noticed a water moccasin
   205 | D        | a hog changed into a water moccasin
   208 | D        | Noticed a fire bat
   208 | D        | an ogre changed into a fire bat
   210 | D        | HP: 2/48 [fire bat (shapeshifter) (3)]
   210 | D        | Slain by a fire bat (shapeshifter)

Vault maps used:
D:        sprint_v

Skill      XL: |  1  2  3  4  5 |
---------------+----------------+-----
Staves         | 3 4 5 |  5.8
Dodging        | 4 5 6 7 |  7.5
Stealth        | 4 5 6 7 8 |  8.1
Spellcasting   | 5 7 8 |  8.3
Necromancy     | 6 7 8 |  8.6

Action                   |  1- 3 |  4- 6 || total
-------------------------+-------+-------++-------
Melee: Quarterstaff      |     6 |     6 ||    12
 Cast: Pain              |       |    12 ||    12
  Use: Potion            |     4 |     5 ||     9
  Eat: Meat ration       |     2 |       ||     2
Armor: Robe              |       |     1 ||     1
Dodge: Dodged            |     2 |    19 ||    21
